 Dungeon Crawl Stone Soup version 0.30-a0-4-ga7cffc901d (webtiles) character file.

Game seed: 10452927284505461358

387 Sobieck the Digger (level 6, -11/45 HPs)
             Began as a Ghoul Earth Elementalist on Aug 21, 2022.
             Mangled by a wyvern (16 damage)
             ... on level 4 of the Dungeon.
             The game lasted 00:07:01 (3775 turns).

Sobieck the Digger (Ghoul Earth Elementalist)       Turns: 3775, Time: 00:07:01

Health: -11/45     AC:  7    Str: 12    XL:     6   Next: 78%
Magic:  8/10       EV: 12    Int: 12    God:
Gold:   46         SH:  0    Dex: 18    Spells: 8/12 levels left

rFire   . . .      SeeInvis +    a - +7 sling of Imbalance {vorpal, Drain rCorr Dex+9 Stlth+}
rCold   + + .      Faith    .    (no shield)
rNeg    + + +      Spirit   .    L - +2 leather armour "Unucum" {+Inv rC+ SInv}
rPois   ∞          Reflect  .    V - +1 hat
rElec   .          Harm     .    (no cloak)
rCorr   +          Rampage  .    (no gloves)
Will    .....                    Q - +0 pair of boots
Stlth   +++.......               (no amulet)
HPRegen 0.00/turn                y - ring of resist corrosion
MPRegen 0.12/turn                (no ring)

@: inhibited regen
A: claws 1, cold resistance 1, negative energy resistance 3, inhibited
regeneration, torment resistance 2, devour on kill
a: Evoke Invisibility


You were on level 4 of the Dungeon.
You visited 1 branch of the dungeon, and saw 4 of its levels.
You also visited: Sewer.

You collected 293 gold pieces.
You spent 247 gold pieces at shops.


Innate Abilities, Weirdness & Mutations

You are immune to poison.
You have sharp fingernails.
Your flesh is cold resistant. (rC+)
You are immune to negative energy. (rN+++)
You do not regenerate when monsters are visible.
You are immune to unholy pain and torment.
You thrive by killing the living.


   Skills:
 - Level 1.7 Dodging
 - Level 2.1 Stealth
 + Level 3.6 Spellcasting
 - Level 0.8 Transmutations
 * Level 6.9 Earth Magic


You had 8 spell levels left.
You knew the following spells:

 Your Spells              Type           Power      Damage    Failure   Level
a - Sandblast             Erth           36%        2d10      1%          1
b - Stone Arrow           Conj/Erth      20%        3d8       22%         3

Your spell library contained the following spells:

 Spells                   Type           Power      Damage    Failure   Level
 Passwall                 Tmut/Erth      9%         N/A       9%          2
 Slow                     Hex            8%         N/A       30%         1
 Petrify                  Tmut/Erth      11%        N/A       52%         4
 Confusing Touch          Hex            2%         N/A       65%         3
 Vampiric Draining        Necr           2%         2d6       65%         3

Inventory:

Hand Weapons
 a - the +7 sling of Imbalance (weapon) {vorpal, Drain rCorr Dex+9 Stlth+}
   (You found it on level 4 of the Dungeon)

   Any ammunition fired from it inflicts extra damage upon your enemies.
   Dex:       It affects your dexterity (+9).
   rCorr:     It protects you from acid and corrosion.
   Drain:     It drains your maximum health when unequipped.
   Stlth:     It makes you more stealthy.
 c - a +0 whip {mace}
   (You found it on level 1 of the Dungeon)
 e - a +0 spear {polearm}
   (You found it on level 1 of the Dungeon)
 g - a +0 dagger {short}
   (You took it off a goblin on level 1 of the Dungeon)
 h - a +0 dagger {short}
   (You took it off a kobold on level 1 of the Dungeon)
 i - a +0 dagger {short}
   (You took it off a goblin on level 1 of the Dungeon)
 j - a +0 dagger {short}
   (You took it off a goblin on level 1 of the Dungeon)
 k - a +0 dagger {short}
   (You took it off a kobold on level 1 of the Dungeon)
 l - a +0 dagger {short}
   (You took it off a goblin on level 1 of the Dungeon)
 n - a +0 dagger {short}
   (You took it off a goblin on level 1 of the Dungeon)
 s - a +0 club {mace}
   (You took it off a goblin on level 1 of the Dungeon)
 t - a +0 short sword {short}
   (You took it off a kobold on level 1 of the Dungeon)
 x - a +0 dagger {short}
   (You took it off a goblin on level 2 of the Dungeon)
 A - a +0 club {mace}
   (You took it off a kobold on level 2 of the Dungeon)
 B - a +0 dagger {short}
   (You found it on level 2 of the Dungeon)
 D - a +0 dagger {short}
   (You took it off a goblin on level 2 of the Dungeon)
 F - a +2 dagger of speed {short}
   (You took it off a goblin on level 2 of the Dungeon)
Missiles
 d - 24 stones {throwing}
 W - 2 atropa-tipped darts {throwing}
Armour
 m - a +0 robe
   (You found it on level 1 of the Dungeon)
 r - a +0 leather armour
   (You found it on level 1 of the Dungeon)
 u - a +0 leather armour
   (You found it on level 2 of the Dungeon)
 z - a +0 leather armour
   (You found it on level 4 of the Dungeon)
 C - a +0 ring mail
   (You found it on level 2 of the Dungeon)
 H - a +0 troll leather armour {Pargi}
   (You found it in a sewer)
 K - a +0 ring mail
   (You found it in a sewer)
 L - the +2 leather armour "Unucum" (worn) {+Inv rC+ SInv}
   (You bought it in a shop on level 2 of the Dungeon)

   rC:        It protects you from cold.
   SInv:      It lets you see invisible.
   +Inv:      It lets you turn invisible.
 M - a +0 chain mail
   (You found it on level 3 of the Dungeon)
 N - a +0 chain mail
   (You found it on level 3 of the Dungeon)
 Q - a +0 pair of boots (worn)
   (You bought it in a shop on level 4 of the Dungeon)
 S - a +0 robe
 T - a +0 leather armour
   (You found it on level 4 of the Dungeon)
 U - a +0 robe
   (You found it on level 3 of the Dungeon)
 V - a +1 hat (worn)
   (You found it on level 3 of the Dungeon)
Magical Staves
 w - a staff of air {!astaff}
   (You found it on level 4 of the Dungeon)
Jewellery
 y - a ring of resist corrosion (left claw)
   (You found it on level 2 of the Dungeon)
 R - a ring of positive energy
   (You found it on level 3 of the Dungeon)
Potions
 b - a potion of magic
 f - 3 potions of might
 o - a potion of resistance {unknown}
 p - a potion of lignification {unknown}
 q - 2 potions of ambrosia
 v - 2 potions of curing {@q1}
 E - 2 potions of heal wounds {unknown}
 G - 3 potions of attraction {!q}
 I - a potion of berserk rage {!q}
 J - a potion of cancellation {unknown}
 O - a potion of mutation {unknown}
 P - a potion of invisibility

Dungeon Overview and Level Annotations

Branches:
Dungeon (4/15) Zot: 20387   Sewer (visited)
 Temple: D:4-7

Altars:
Qazlal

Shops:
D:2 [ D:4

** ##........##.....###..##
########.........#....###
#..........##.......
#.#.#..............# #
#..5#..........#### ..
#...#..........# ...
#.........#....#
....#..5l.....##..###
........@.....#.....# ##
#...................####.
###..##..............##..
####...................
##.##<#......##......
#############..#####.....#....###
..>.............# ##....#....#..
.......####....## ##..........').
.......####.....# #...........#..


You could see a wyvern and 2 lemures.


Message History

Unknown command.
There is an entrance to Ruqal's Specific Store here.
Unknown command.
There is an entrance to Laisu's General Store here.
Q - a +0 pair of boots Thank you for shopping at Laisu's General Store!
Unknown command.
You start putting on your armour.
You continue putting on your +0 pair of boots. x4
You finish putting on your +0 pair of boots.
Unknown command.
Unknown command.
d - 24 stones {throwing} (gained 4)
S - the +7 sling of Imbalance {vorpal, Drain rCorr Dex+9 Stlth+} Unknown command.
Adjust (i)tems, (s)pells, or (a)bilities?
S - the +7 sling of Imbalance {vorpal, Drain rCorr Dex+9 Stlth+} Adjust to which letter? (? for menu, Esc to quit)
a - the +7 sling of Imbalance {vorpal, Drain rCorr Dex+9 Stlth+}
S - a +0 robe Really wield
a - the +7 sling of Imbalance {vorpal, Drain rCorr Dex+9 Stlth+}?
Okay, then.
Really wield
a - the +7 sling of Imbalance {vorpal, Drain rCorr Dex+9 Stlth+}?
You feel agile.
a - the +7 sling of Imbalance (weapon)
{vorpal, Drain rCorr Dex+9 Stlth+} Unknown command.
Unknown command.
T - a +0 leather armour You open the door.
An orc priest comes into view. It is wielding a +0 trident.
The orc priest shouts!
Danger!
You shoot a sling bullet.
The sling bullet closely misses the orc priest.
The orc priest barely misses you.
You shoot a sling bullet. The sling bullet hits the orc priest.
The orc priest hits you but does no damage. x2
You shoot a sling bullet.
The sling bullet barely misses the orc priest.
The orc priest completely misses you.
You shoot a sling bullet. The sling bullet hits the orc priest!
You kill the orc priest!
G - 3 potions of attraction {!q} (gained 1)
A hound comes into view.
Danger!
You shoot a sling bullet. The sling bullet hits the hound.
The hound barks!
You shoot a sling bullet. The sling bullet hits the hound.
You shoot a sling bullet. The sling bullet hits the hound!
You kill the hound!
You can't see any susceptible monsters within range! (Use Z to cast anyway.)
A lemure comes into view.
Danger!
Your line of fire to the lemure is blocked by a broken pillar.
Your line of fire to the lemure is blocked by a broken pillar.
Unknown command.
Unknown command.
Your line of fire to the lemure is blocked by a broken pillar.
Unknown command.
Unknown command.
Unknown command.
Found a stone staircase leading up.
Danger!
You shoot a sling bullet.
The sling bullet hits the lemure but does no damage.
The lemure shouts!
A wyvern comes into view.
You shoot a sling bullet. The wyvern hisses angrily.
The sling bullet hits the lemure.
You hear a shout!
You shoot a sling bullet.
The sling bullet hits the lemure but does no damage.
A lemure comes into view.
The wyvern bites you! The wyvern attacks as you move away!
The wyvern bites you but does no damage.
The wyvern barely misses you. The wyvern closely misses you.
The wyvern attacks as you move away! The wyvern bites you!
* * * LOW HITPOINT WARNING * * *
The wyvern bites you!
* * * LOW HITPOINT WARNING * * *
Casting: Sandblast (safe; 1% risk of failure)
Confirm with . or Enter, or press ? or * to list all spells.
Aiming: Sandblast (safe; 1% risk of failure)
Press: ? - help, Shift-Dir - straight line, f/p - lemure
Aim: a lemure (lightly wounded, 77% to hit)
The blast of sand hits the wyvern.
The wyvern misses you.
The wyvern bites you but does no damage.
Casting: Sandblast (safe; 1% risk of failure)
Confirm with . or Enter, or press ? or * to list all spells.
Aiming: Sandblast (safe; 1% risk of failure)
Press: ? - help, Shift-Dir - straight line, f/p - lemure
Aim: a lemure (lightly wounded, 77% to hit)
The blast of sand hits the lemure.
The wyvern closely misses you. The lemure hits you.
* * * LOW HITPOINT WARNING * * *
The wyvern bites you!
You die...

Skill      XL: |  1  2  3  4  5 |
---------------+----------------+-----
Spellcasting   | 2 3 |  3.6
Earth Magic    | 4 5 6 |  6.9
Dodging        | |  1.7
Stealth        | |  2.1
Transmutations | |  0.8

Action                   |  1- 3 |  4- 6 || total
-------------------------+-------+-------++-------
Melee: Unarmed           |    11 |       ||    11
       Dagger            |       |    49 ||    49
 Fire: Sling             |       |    10 ||    10
 Cast: Sandblast         |    51 |    39 ||    90
  Use: Scroll            |       |    12 ||    12
 Stab: Sleeping          |       |     2 ||     2
Armor: Robe              |     4 |    16 ||    20
       Leather armour    |       |     8 ||     8
Dodge: Dodged            |    24 |    48 ||    72

Levels and vault maps discovered:
D:1:      dpeg_arrival_snail, layout_rooms,
          hellmonk_ecumenical_altar_arch_garden, minmay_misc_feat_nine_boxes,
          moated_statue
D:2:      layout_basic, basic_altar, serial_shops, nicolae_shop_statue_plus
D:3:      layout_basic, portal_sewer_entry_c, minmay_statues_item
D:4:      layout_cave_pools, nicolae_tso_carved_into_rock,
          chequers_temple_overflow_minitemple,
          minmay_temple_entry_statues_pillars, serial_column_ruins,
          column_ruins_hut_water, column_ruins_hut, column_ruins_columns_corner,
          column_ruins_open_small, column_ruins_grid_3,
          column_ruins_open_medium, grunt_ministairs_11, nicolae_specific_store,
          uniq_pikel

Notes
Turn   | Place    | Note
-------+----------+-------------------------------------------
     0 | D:1      | Sobieck the Ghoul Earth Elementalist began the quest for
                  | the Orb.
     0 | D:1      | Reached XP level 1. HP: 14/14 MP: 2/2
   314 | D:1      | Reached skill level 2 in Spellcasting
   314 | D:1      | Reached XP level 2. HP: 20/20 MP: 2/4
   491 | D:1      | You fall into a shaft and drop 1 floor!
   519 | D:1      | Found a faded altar of an unknown god.
   558 | D:1      | Reached skill level 4 in Earth Magic
   811 | D:1      | Reached XP level 3. HP: 26/26 MP: 2/5
  1073 | D:2      | Found a stormy altar of Qazlal.
  1078 | D:2      | Learned a level 3 spell: Stone Arrow
  1164 | D:2      | Found Pius's Antique Armour Emporium.
  1686 | D:2      | Reached XP level 4. HP: 33/33 MP: 3/6
  2288 | D:3      | Found a glowing drain.
  2314 | Sewer    | Entered a sewer
  2347 | Sewer    | Noticed Pargi
  2360 | Sewer    | Killed Pargi
  2361 | Sewer    | Reached skill level 3 in Spellcasting
  2361 | Sewer    | Reached skill level 5 in Earth Magic
  2361 | Sewer    | Reached XP level 5. HP: 33/38 MP: 0/8
  2556 | D:2      | Bought a distressingly furry leather armour for 189 gold
                  | pieces
  2556 | D:2      | Identified the +2 leather armour "Unucum" {+Inv rC+ SInv}
                  | (You bought it in a shop on level 2 of the Dungeon)
  2750 | D:3      | Reached skill level 6 in Earth Magic
  2803 | D:3      | Reached XP level 6. HP: 38/45 MP: 6/9
  2968 | D:3      | You pick up a book of Debilitation and begin reading...
  2968 | D:3      | You add the spells Slow, Vampiric Draining and Confusing
                  | Touch to your library.
  3643 | D:4      | Found Ruqal's Specific Store.
  3645 | D:4      | Found Laisu's General Store.
  3657 | D:4      | Bought a +0 pair of boots for 58 gold pieces
  3673 | D:4      | Identified the +7 sling of Imbalance {vorpal, Drain rCorr
                  | Dex+9 Stlth+}
  3761 | D:4      | Noticed a wyvern
  3773 | D:4      | HP: 8/45 [wyvern (12)]
  3775 | D:4      | Mangled by a wyvern

Vanquished Creatures
  Pargi (Sewer)
  An ogre (D:4)
  2 hounds
  An orc priest (D:4)
  5 adders
  A worm (D:2)
  2 dart slugs
  10 bats
  5 endoplasms
  2 giant cockroaches
  9 goblins
  5 hobgoblins
  6 kobolds
  A quokka (D:1)
  9 ball pythons
  2 frilled lizards (D:1)
  5 rats
67 creatures vanquished.

Table legend:
 A = Non-vault XP
 B = Vault XP
 C = Vault XP percentage of total XP
 D = Non-vault monster count
 E = Vault monster count
 F = Vault count percentage of total count
                 A         B        C        D         E       F
            +---------+---------+-------+---------+---------+-------
      Total |     238 |     316 |  57.0 |      57 |      10 |  14.9
            +---------+---------+-------+---------+---------+-------
        D:1 |      35 |       0 |   0.0 |      20 |       0 |   0.0
        D:2 |      65 |       0 |   0.0 |      23 |       0 |   0.0
        D:3 |      91 |       3 |   3.2 |      10 |       3 |  23.1
        D:4 |      47 |     163 |  77.6 |       4 |       3 |  42.9
      Sewer |       0 |     150 | 100.0 |       0 |       4 | 100.0
            +---------+---------+-------+---------+---------+-------

Illustrated notes

Table legend:
 A = Kills in this place as a percentage of kills in entire the game.
 B = Kills by you in this place as a percentage of kills by you in the entire game.
 C = Kills by friends in this place as a percentage of kills by friends in the entire game.
 D = Other kills in this place as a percentage of other kills in the entire game.
 E = Experience gained in this place as a percentage of experience gained in the entire game.
 F = Experience gained in this place divided by the number of levels of this place that you have seen.
                   A       B       C       D       E      F
               +-------+-------+-------+-------+-------+----------------------
         Total | 100.0 | 100.0 |   N/A |   N/A | 100.0 | 110.8
       Dungeon |  94.0 |  94.0 |   N/A |   N/A |  72.9 | 101.0
         Sewer |   6.0 |   6.0 |   N/A |   N/A |  27.1 | 150.0
               +-------+-------+-------+-------+-------+----------------------

Table legend: (Time is in decaauts)
 A = Elapsed time spent in this place.
 B = Non-inter-level travel time spent in this place.
 C = Inter-level travel time spent in this place.
 D = Time resting spent in this place.
 E = Time spent auto-exploring this place.
 F = Levels seen in this place.
 G = Mean time per level.
                   A        B        C        D        E       F      G
               +--------+--------+--------+--------+--------+-----+--------+
         Total |   3809 |   3583 |    226 |    263 |   2754 |   5 |  761.8 |
       Dungeon |   3610 |   3384 |    226 |    223 |   2694 |   4 |  902.5 |
         Sewer |    199 |    199 |      0 |     40 |     60 |   1 |  199.0 |
               +--------+--------+--------+--------+--------+-----+--------+

Top non-repeatable levels by time:
     D:2: 1412 daAuts
     D:1: 967 daAuts
     D:3: 709 daAuts
     D:4: 521 daAuts
   Sewer: 199 daAuts
